 Dungeon Crawl Stone Soup version 0.27-a0-287-gd4424db430 (webtiles) character file.

Game seed: 15725859214743340691

57 dickylongcocking the Chopper (level 4, 0/40 HPs)
             Began as a Hill Orc Monk on Feb 8, 2021.
             Slain by a centaur (7 damage)
             ... on level 2 of the Dungeon.
             The game lasted 00:00:53 (1795 turns).

dickylongcocking the Chopper (Hill Orc Monk)        Turns: 1795, Time: 00:00:53

Health: 0/40       AC:  9    Str: 14    XL:     4   Next: 0%
Magic:  4/4        EV:  6    Int: 10    God:
Gold:   26         SH:  3    Dex: 13    Spells: 3/3 levels left

rFire    . . .     SeeInvis .   a - +0 hand axe
rCold    . . .     Faith    .   i - +0 buckler
rNeg     . . .     Spirit   .   j - +0 chain mail
rPois    .         Reflect  .   (no helmet)
rElec    .         Harm     .   (no cloak)
rCorr    .         Rampage  .   e - +0 pair of gloves
Will     .....                  (no boots)
Stlth    ..........             (no amulet)
HPRegen  0.13/turn              (no ring)
MPRegen  0.09/turn              (no ring)

@: no status effects
A: no striking features
a: no special abilities


You were on level 2 of the Dungeon.
You visited 1 branch of the dungeon, and saw 2 of its levels.

You collected 26 gold pieces.

Inventory:

Hand Weapons
 a - a +0 hand axe (weapon)
Armour
 b - a +0 robe
 e - a +0 pair of gloves (worn)
 i - a +0 buckler (worn)
 j - a +0 chain mail (worn)
Jewellery
 h - an uncursed ring of flight {unknown}
Scrolls
 c - a scroll of remove curse {unknown}
 f - 2 scrolls of teleportation {unknown}
Potions
 d - a potion of flight {unknown}
 g - a potion of berserk rage {unknown}


   Skills:
 * Level 3.9 Fighting
 * Level 5.9 Axes
 + Level 0.5 Armour
 - Level 2.4 Dodging
 - Level 1.5 Stealth


You had 3 spell levels left.
You didn't know any spells.
Your spell library was empty.

Dungeon Overview and Level Annotations

Branches:
Dungeon (2/15)

Altars:


Message History

You hit the centaur.
The centaur is heavily wounded.
The centaur barely misses you. The centaur hits you.
You hit the centaur but do no damage.
The centaur is heavily wounded.
The centaur hits you.
You hit the centaur.
The centaur is severely wounded.
The centaur hits you but does no damage. x2
You hit the centaur.
The centaur is severely wounded.
The centaur hits you but does no damage.
You hit the centaur.
The centaur is almost dead.
The centaur hits you. x2
* * * LOW HITPOINT WARNING * * *
You barely miss the centaur.
The centaur is almost dead.
The centaur hits you!
You die...

###
################.#
.................#
################@#
......<# .......c#
.####### ######..#
.......# ...#
######.# .##.# #.#
#. ..# ######.# #
..# .......# .##
########


You could see a centaur.

Vanquished Creatures
  Natasha (D:2)
  An ooze (D:1)
  A dart slug (D:1)
  5 bats
  3 giant cockroaches (D:1)
  A goblin (D:1)
  A hobgoblin (D:1)
  4 jackals (D:1)
  5 kobolds (D:1)
  2 rats (D:1)
24 creatures vanquished.

Notes
Turn   | Place    | Note
-------+----------+-------------------------------------------
     0 | D:1      | dickylongcocking the Hill Orc Monk began the quest for the
                  | Orb.
     0 | D:1      | Reached XP level 1. HP: 19/19 MP: 1/1
   414 | D:1      | Reached XP level 2. HP: 20/26 MP: 2/2
   516 | D:1      | Reached skill level 5 in Axes
   793 | D:1      | Reached XP level 3. HP: 16/31 MP: 3/3
  1592 | D:2      | Noticed Natasha
  1598 | D:2      | Killed Natasha
  1769 | D:2      | Reached XP level 4. HP: 40/40 MP: 4/4
  1783 | D:2      | Noticed a centaur
  1795 | D:2      | Slain by a centaur

Illustrated notes

Levels and vault maps discovered:
D:1:      zelgadis_glass_arrival_large, layout_basic, minivault_26,
          minmay_misc_feat_secret_circle
D:2:      layout_basic, feat_on_display, uniq_terence, uniq_natasha

Skill      XL: |  1  2 |
---------------+-------+-----
Axes           | 5 |  5.9
Fighting       | |  3.9
Armour         | |  0.5
Dodging        | |  2.4
Stealth        | |  1.5

Action                   |  1- 3 |  4- 6 || total
-------------------------+-------+-------++-------
Melee: Hand axe          |    64 |    11 ||    75
 Stab: Sleeping          |     1 |       ||     1
Armor: Robe              |    34 |       ||    34
       Chain mail        |     4 |     5 ||     9
Dodge: Dodged            |    64 |     3 ||    67
Block: Buckler           |     1 |     2 ||     3

Table legend: (Time is in decaauts)
 A = Elapsed time spent in this place.
 B = Non-inter-level travel time spent in this place.
 C = Inter-level travel time spent in this place.
 D = Time resting spent in this place.
 E = Time spent auto-exploring this place.
 F = Levels seen in this place.
 G = Mean time per level.
                   A        B        C        D        E       F      G
               +--------+--------+--------+--------+--------+-----+--------+
         Total |   1799 |   1714 |     85 |      0 |   1550 |   2 |  899.5 |
       Dungeon |   1799 |   1714 |     85 |      0 |   1550 |   2 |  899.5 |
               +--------+--------+--------+--------+--------+-----+--------+

Top non-repeatable levels by time:
     D:1: 1588 daAuts
     D:2: 210 daAuts
